 Dungeon Crawl Stone Soup version 0.21.1-1-g345015f (webtiles) character file.

180 Fang the Chopper (level 5, 0/51 HPs)
             Began as a Gargoyle Berserker on May 11, 2018.
             Was a Believer of Trog.
             Slain by doroboNeko's ghost (6 damage)
             ... on level 4 of the Dungeon.
             The game lasted 00:05:03 (2587 turns).

Fang the Chopper (Gargoyle Berserker)               Turns: 2587, Time: 00:05:04

Health: 0/51       AC:  6    Str: 26    XL:     5   Next: 60%
Magic:  5/5        EV: 12    Int:  8    God:    Trog [**....]
Gold:   135        SH:  0    Dex:  9    Spells: 4/4 levels left

rFire    . . .     SeeInvis .   a - +1 hand axe
rCold    . . .     Gourm    .   (no shield)
rNeg     + . .     Faith    .   b - +0 animal skin
rPois    ∞         Spirit   .   (no helmet)
rElec    +         Reflect  .   (no cloak)
rCorr    .         Harm     .   (no gloves)
MR       .....                  (no boots)
Stlth    ..........             (no amulet)
HPRegen  0.17/turn              (no ring)
MPRegen  0.09/turn              (no ring)

@: berserking (expiring), very quick
A: negative energy resistance 1, electricity resistance, unbreathing,
petrification resistance, rot immunity, AC +4
a: Berserk, Trog's Hand, Burn Spellbooks, Renounce Religion


You were on level 4 of the Dungeon.
You worshipped Trog.
Trog was pleased with you.
You were not hungry.

You visited 1 branch of the dungeon, and saw 4 of its levels.

You collected 135 gold pieces.

Inventory:

Hand Weapons
 a - a +1 hand axe (weapon)
Armour
 b - a +0 animal skin (worn)
Scrolls
 d - a scroll of identify
Potions
 e - a potion of agility
 f - a potion of resistance
 g - a potion of flight
 j - a potion of magic {unknown}
 k - a potion of lignification {unknown}
Books
 m - a book of the Tempests

   Spells                             Type                      Level
   a - Static Discharge               Conjuration/Air              3
   b - Lightning Bolt                 Conjuration/Air              5
   c - Ignition                       Fire                         8
   d - Tornado                        Air                          9
   e - Shatter                        Earth                        9
   Trog disapproves of the use of such an item.
Comestibles
 c - 6 rations


   Skills:
 + Level 4.3 Fighting
 + Level 4.4 Axes
 + Level 2.3 Armour
 + Level 2.2 Dodging
 + Level 1.0 Stealth


You had 4 spell levels left.
You didn't know any spells.

Dungeon Overview and Level Annotations

Branches:
Dungeon (4/15)
 Temple: D:4-7

Altars:
Elyvilon
Nemelex Xobeh
Ru
Xom

Annotations:
D:4 doroboNeko's ghost, amateur OgAM


Innate Abilities, Weirdness & Mutations

You are resistant to torment.
Your stone body is resilient. (AC +4)
You are immune to poison.
You resist negative energy. (rN+)
You are resistant to electric shocks. (rElec)
You can survive without breathing.
You are immune to petrification.
You are immune to rotting.


Message History

You barely miss doroboNeko's ghost.
DoroboNeko's ghost is lightly damaged.
DoroboNeko's ghost wails, "You will never get the ORB!"
DoroboNeko's ghost barely misses you.
You slash doroboNeko's ghost!
DoroboNeko's ghost is moderately damaged.
DoroboNeko's ghost gestures at you while chanting.
You resist with significant effort.
You hit doroboNeko's ghost.
DoroboNeko's ghost is heavily damaged.
DoroboNeko's ghost barely misses you.
You closely miss doroboNeko's ghost.
DoroboNeko's ghost is heavily damaged.
You barely miss doroboNeko's ghost.
DoroboNeko's ghost is heavily damaged.
DoroboNeko's ghost barely misses you.
You closely miss doroboNeko's ghost.
DoroboNeko's ghost is heavily damaged.
DoroboNeko's ghost hits you.
You die...

. %. ..
#.# ... .?
... .# #..
##.#
#..###..##
#.......#
#####<#.#
#W@# .#
#...## #
#.## #. #


You could see doroboNeko's ghost.

Vanquished Creatures
  A bullfrog zombie (D:4)
  3 gnolls (D:3)
  4 adders
  3 worms
  2 dart slugs
  A leopard gecko (D:2)
  3 orcs (D:3)
  5 giant cockroaches
  6 goblins
  8 hobgoblins
  6 jackals
  6 kobolds
  A quokka (D:3)
  A ball python (D:1)
  8 bats
  6 frilled lizards
  5 rats
69 creatures vanquished.

Notes
Turn   | Place    | Note
-------+----------+-------------------------------------------
     0 | D:1      | Fang the Gargoyle Berserker began the quest for the Orb.
     0 | D:1      | Reached XP level 1. HP: 14/14 MP: 1/1
    37 | D:1      | Reached XP level 2. HP: 19/19 MP: 2/2
   428 | D:1      | Reached XP level 3. HP: 24/24 MP: 3/3
   520 | D:1      | Reached ** piety under Trog
   975 | D:2      | Found a shimmering altar of Xom.
   999 | D:2      | Reached XP level 4. HP: 24/29 MP: 4/4
  1637 | D:3      | Reached XP level 5. HP: 33/33 MP: 5/5
  2314 | D:3      | Found a sacrificial altar of Ru.
  2314 | D:3      | Found a shimmering altar of Xom.
  2315 | D:3      | Found a white marble altar of Elyvilon.
  2315 | D:3      | Found a sparkling altar of Nemelex Xobeh.
  2483 | D:4      | Noticed doroboNeko's ghost (amateur OgAM)
  2484 | D:4      | Reached skill level 1 in Stealth
  2486 | D:4      | Noticed an ogre
  2587 | D:4      | Slain by doroboNeko's ghost

Skill      XL: |  1  2  3  4  5 |
---------------+----------------+-----
Axes           | 3 4 |  4.4
Fighting       | 4 |  4.3
Dodging        | 2 |  2.2
Stealth        | 1 |  1.0
Armour         | |  2.3

Action                   |  1- 3 |  4- 6 || total
-------------------------+-------+-------++-------
Melee: Hand axe          |   100 |   122 ||   222
Invok: Berserk           |     2 |     3 ||     5
  Use: Scroll            |       |     9 ||     9
       Potion            |       |     1 ||     1
 Stab: Sleeping          |     1 |     4 ||     5
  Eat: Chunk             |     1 |     9 ||    10
Armor: Animal skin       |    45 |    43 ||    88
Dodge: Dodged            |    79 |    79 ||   158
